 Dungeon Crawl Stone Soup version 0.31.0-32-g396128a36d (webtiles) character file.

Game seed: 14873256602353461080

103 Econoterrorist the Ruffian (level 4, 0/31 HPs)
             Began as a Draconian Shapeshifter on Apr 10, 2024.
             Was a Follower of Hepliaklqana.
             Incinerated by a bombardier beetle (3 damage)
             ... with a burning spray
             ... on level 4 of the Dungeon.
             The game lasted 00:09:41 (2168 turns).

Econoterrorist the Ruffian (Draconian Shapeshifter) Turns: 2168, Time: 00:09:42

Health: 0/31       AC:  5    Str: 16    XL:     4   Next: 51%
Magic:  4/4        EV:  9    Int: 13    God:    Hepliaklqana [*.....]
Gold:   130        SH:  0    Dex: 10    Spells: 3/3 levels left

rFire   . .          .
                       - Unarmed
rCold   . . .        (no shield)
rNeg    . . .        (body armour unavailable)
rPois   .            (helmet restricted)
rElec   .            (no cloak)
rCorr   .            (no gloves)
SInv    .            (no boots)
Will    .....        (no amulet)
Stlth   +            (no ring)
HPRegen 0.25/turn    (no ring)
MPRegen 0.09/turn

%: no passive effects
@: on fire, glowing, constricted
A: reduced essence, AC +5, unfitting armour, cold-blooded
a: Renounce Religion, Recall Ancestor, Ancestor Identity


You were on level 4 of the Dungeon.
You worshipped Hepliaklqana.
Hepliaklqana was aware of your devotion.
You visited 1 branch of the dungeon, and saw 4 of its levels.

You collected 130 gold pieces.

Inventory:

Armour
 o - a +0 pair of gloves
Talismans
 b - a beast talisman
 c - a flux talisman
Wands
 m - a wand of paralysis (5)
Scrolls
 d - a scroll of immolation {unknown}
 f - a scroll of summoning {unknown}
 h - a scroll of revelation {unknown}
 i - a scroll of brand weapon {unknown}
 j - a scroll of identify {unknown}
 k - a scroll of fear {unknown}
 l - 3 scrolls of teleportation {unknown}
Potions
 a - a potion of lignification
 e - a potion of might {unknown}
 n - a potion of berserk rage {unknown}


   Skills:
 - Level 1.1 Fighting
 - Level 1.7 Dodging
 + Level 5.3 Unarmed Combat
 - Level 3.0 Shapeshifting


You had 3 spell levels left.
You didn't know any spells.
Your spell library contained the following spells:

 Spells                   Type           Power      Damage    Failure   Level
 Foxfire                  Conj/Fire      0%         2x1d4     30%         1
 Tukima's Dance           Hex            0%         N/A       67%         3
 Dimensional Bullseye     Hex/Tloc       0%         N/A       97%         4
 Iskenderun's Mystic Bla  Conj/Tloc      0%         2d3       97%         4
 Plasma Beam              Fire/Air       0%         2x1d10    100%        6
 Starburst                Conj/Fire      0%         6d3       100%        6


Dungeon Overview and Level Annotations

Branches:
Dungeon (4/15)
 Temple: D:4-7

Altars:
Cheibriados
Hepliaklqana
Trog
Uskayaw
Wu Jian
Yredelemnul


Innate Abilities, Weirdness & Mutations

Your life essence is reduced to manifest your ancestor. (-10% HP)
Your plain brown scales are hard. (AC +5)
You cannot fit into any form of body armour.
You are cold-blooded and may be slowed by cold attacks.


Message History

Ntombi hits the orc wizard.
The orc wizard hits you but does no damage.
You are poisoned.
The orc moves out of view.
You hit the orc but do no damage. The liquid fire burns you!
* * * LOW HITPOINT WARNING * * *
x2 You feel sick.
A howler monkey comes into view.
Ntombi barely misses the orc.
The orc wizard misses you. The orc hits you with a +0 short sword.
* * * LOW HITPOINT WARNING * * *
You feel better. The liquid fire burns you!
The howler monkey hoots and howls with incredible vigour!
Ntombi barely misses the orc.
You hear an angry hiss.
You hear a shout! x2
You hit the orc wizard but do no damage.
The orc wizard is lightly wounded.
The liquid fire burns you!
* * * LOW HITPOINT WARNING * * *
Ntombi hits the orc.
The ball python barely misses you. The ball python grabs you.
The ball python constricts you.
The orc barely misses Ntombi.
You hit the orc but do no damage.
The orc is heavily wounded.
The liquid fire burns you!
* * * LOW HITPOINT WARNING * * *
Ntombi hits the orc.
The howler monkey hoots and howls with incredible vigour!
The ball python bites you.
* * * LOW HITPOINT WARNING * * *
The ball python constricts you.
The orc hits Ntombi with a +0 short sword.
You hear a croak.
You strike the helpless orc from behind!
You punch the orc!
You kill the orc!
The liquid fire burns you!
You die...

##### #...#
#...# #...#
#...# #..†#
#..)# #o@R#
#####S.)####
......o.o..#
.####..<##h...#
#..## ...o
.....# ..o
####..# .. ..##
. ...


You could see the friendly Ntombi the ancestor, a howler monkey, an orc wizard,
2 orcs and a ball python.

Vanquished Creatures
  A bombardier beetle (D:4)
  An adder (D:2)
  A ribbon worm (D:2)
  An orc (D:4)
  3 endoplasms
  2 giant cockroaches
  A goblin (D:3)
  9 hobgoblins
  2 jackals (D:1)
  10 kobolds
  A quokka (D:1)
  11 ball pythons
  3 bats
  4 frilled lizards
  4 rats
54 creatures vanquished.

Vanquished Creatures (collateral kills)
  A ball python (D:3)
  A rat (D:3)
2 creatures vanquished.

Grand Total: 56 creatures vanquished

Notes
Turn   | Place    | Note
-------+----------+-------------------------------------------
     0 | D:1      | Econoterrorist the Draconian Shapeshifter began the quest
                  | for the Orb.
     0 | D:1      | Reached XP level 1. HP: 16/16 MP: 1/1
    96 | D:1      | Reached XP level 2. HP: 21/23 MP: 2/2
   309 | D:1      | Reached skill level 4 in Unarmed Combat
   689 | D:1      | Reached XP level 3. HP: 27/28 MP: 3/3
   882 | D:2      | Found a hazy altar of Hepliaklqana.
   891 | D:2      | Became a worshipper of Hepliaklqana the Forgotten
  1443 | D:2      | Reached * piety under Hepliaklqana
  1533 | D:2      | Found a faded altar of an unknown god.
  1787 | D:3      | Identified the +3 falchion of the Dungeon {freeze, rC-
                  | rCorr Str-4 SInv}
  1811 | D:3      | Found a hide-covered altar of Uskayaw.
  1816 | D:3      | Found a snail-covered altar of Cheibriados.
  1818 | D:3      | Found a bloodstained altar of Trog.
  1852 | D:3      | Found a basalt altar of Yredelemnul.
  1859 | D:3      | Found an ornate altar of the Wu Jian Council.
  1931 | D:3      | Reached XP level 4. HP: 28/31 MP: 4/4
  2162 | D:4      | Reached skill level 5 in Unarmed Combat
  2168 | D:4      | Incinerated by a bombardier beetle

Illustrated notes

Levels and vault maps discovered:
D:1:      erik_arrival_blinker_ship, layout_loops_ring, serial_forest,
          infiniplex_forest_lined_3_way, infiniplex_forest_end_3,
          infiniplex_forest_lined_2, infiniplex_forest_clump_cross,
          infiniplex_forest_lined_room_2, infiniplex_forest_straight_5,
          infiniplex_forest_lined_ring, infiniplex_forest_zigzag_1,
          infiniplex_forest_lined_3_way, infiniplex_forest_end_2, minivault_14,
          st_stairs_14
D:2:      kb_forest_paths, layout_loops_ring,
          shapermc_ecumenical_altar_acropolis, serial_rivers,
          chequers_serial_rivers_micro_c, chequers_serial_rivers_micro_b,
          chequers_serial_rivers_marsh, chequers_serial_rivers_small_b,
          chequers_serial_rivers_small_b, basic_altar, grunt_decor_fettered,
          chequers_mini_garden
D:3:      layout_rooms, minmay_overflow_temple_star_hex
D:4:      layout_rooms

Skill      XL: |  1  2  3  4 |
---------------+-------------+-----
Unarmed Combat | 4 5 |  5.3
Fighting       | |  1.1
Dodging        | |  1.7
Shapeshifting  | |  3.0

Action                     |  1- 3 |  4- 6 || total
---------------------------+-------+-------++-------
  Melee: Unarmed           |   204 |    16 ||   220
         Tailslap          |    34 |     3 ||    37
         Punch             |     6 |     1 ||     7
Ability: Begin Untransform |       |     1 ||     1
    Use: Potion            |       |     2 ||     2
   Stab: Distracted        |       |     1 ||     1
 Armour: Skin              |    52 |     5 ||    57
  Dodge: Dodged            |    74 |     9 ||    83
